 Dungeon Crawl Stone Soup version 0.23.2-40-g277498a001 (webtiles) character file.

Game seed: 9105534399934964488

7097 Kikorro the Basher (level 10, -1/136 HPs)
             Began as a Minotaur Berserker on Sept 8, 2019.
             Was a High Priest of Trog.
             Slain by an entropy weaver (10 damage)
             ... on level 10 of the Dungeon.
             The game lasted 00:29:01 (9806 turns).

Kikorro the Basher (Minotaur Berserker)             Turns: 9806, Time: 00:29:02

Health: -1/136     AC:  1    Str: 30    XL:     10   Next: 84%
Magic:  0/9        EV: 10    Int:  4    God:    Trog [*****.]
Gold:   631        SH:  0    Dex:  6    Spells: 9/9 levels left

rFire    . . .     SeeInvis +   K - +9 war axe of the Wary Queens {flame, +Inv rPois Dex-4 SInv}
rCold    . . .     Gourm    .   (no shield)
rNeg     . . .     Faith    .   z - +3 chain mail
rPois    +         Spirit   +   (helmet restricted)
rElec    .         Reflect  .   (no cloak)
rCorr    .         Harm     .   g - +1 pair of gloves
MR       .....                  (no boots)
Stlth    ..........             q - amulet of guardian spirit
HPRegen  0.32/turn              (no ring)
MPRegen  0.11/turn              v - ring of stealth

@: berserking (expiring), corroded, very quick
A: retaliatory headbutt, horns 2
a: Berserk, Trog's Hand, Brothers in Arms, Renounce Religion, Evoke Invisibility


You were on level 10 of the Dungeon.
You worshipped Trog.
Trog was extremely pleased with you.
You were not hungry.

You visited 1 branch of the dungeon, and saw 10 of its levels.

You collected 631 gold pieces.

Inventory:

Hand Weapons
 a - a +0 mace
 A - a +2 whip of holy wrath
 C - a +0 hand crossbow
 K - the +9 war axe of the Wary Queens (weapon) {flame, +Inv rPois Dex-4 SInv}
   (You found it on level 10 of the Dungeon)

   It has been specially enchanted to burn those struck by it, causing extra
   injury to most foes and up to half again as much damage against particularly
   susceptible opponents.
   Big, fiery blades are also staple armaments of hydra-hunters.
   It affects your dexterity (-4).
   It protects you from poison.
   It lets you see invisible.
   It lets you turn invisible.
Missiles
 F - 17 bolts
Armour
 g - a +1 pair of gloves (worn)
 z - a +3 chain mail (worn)
Jewellery
 n - an uncursed ring of fire
 q - an amulet of guardian spirit (around neck)
 v - a ring of stealth (right hand)
 y - an uncursed ring of flight
 L - a +3 ring of evasion {unknown}
Wands
 f - a wand of iceblast (6)
 w - a wand of paralysis (2)
 B - a wand of random effects (14)
 D - a wand of digging (5)
 G - a wand of flame (26)
Scrolls
 b - 2 scrolls of enchant weapon {unknown}
 d - a scroll of random uselessness {unknown}
 h - 5 scrolls of remove curse
 j - 4 scrolls of teleportation
 m - 2 scrolls of fog {unknown}
 r - 2 scrolls of fear
 t - a scroll of enchant armour
 I - a scroll of torment {unknown}
Potions
 e - 3 potions of lignification
 i - a potion of mutation
 k - a potion of cancellation
 l - 2 potions of resistance
 o - 3 potions of curing
 p - 2 potions of agility
 s - 3 potions of haste
 u - 3 potions of might
 x - a potion of brilliance
 E - a potion of flight {unknown}
 J - a potion of heal wounds {unknown}
Miscellaneous
 H - a phial of floods
Comestibles
 c - 22 rations


   Skills:
 + Level 9.1 Fighting
 * Level 4.9(9.3) Axes
 - Level 12.0(12.4) Maces & Flails
 * Level 4.2 Crossbows
 + Level 10.9 Armour
 + Level 4.6 Dodging
 + Level 1.6 Stealth
 + Level 0.1 Evocations


You had 9 spell levels left.
You didn't know any spells.
Your spell library was empty.

Dungeon Overview and Level Annotations

Branches:
Dungeon (10/15)            Temple (0/1) D:6            Lair (0/6) D:10
    Orc: D:9-12

Altars:
Ashenzari
Dithmenos
Elyvilon
Fedhas
Gozag
Kikubaaqudgha
Nemelex Xobeh
Okawaru
Ru
Sif Muna
Trog
Vehumet
Xom
Yredelemnul
Zin

Shops:
D:3 *


Innate Abilities, Weirdness & Mutations

You reflexively headbutt those who attack you in melee.
You have a pair of horns on your head.


Message History

You are too injured to fight recklessly!
You are too injured to fight recklessly!
You are too injured to fight recklessly!
You slice the entropy weaver!! You burn the entropy weaver.
You headbutt the entropy weaver, but do no damage.
The entropy weaver is severely wounded.
The entropy weaver hits you.
* * * LOW HITPOINT WARNING * * *
The entropy weaver misses you. The entropy weaver hits you!
* * * LOW HITPOINT WARNING * * *
The entropy weaver hits you!
* * * LOW HITPOINT WARNING * * *
You slash the entropy weaver! You burn the entropy weaver.
The entropy weaver is almost dead.
You hit the entropy weaver. You burn the entropy weaver.
The entropy weaver is almost dead.
The entropy weaver hits you!
* * * LOW HITPOINT WARNING * * *
The entropy weaver hits you!
You die...

.###############'#°.........##.#.
..# #.###......#..>... ..#
#÷#.#....#........ ..#
#.#....#.#.####... ..#
#.#...##....####.. ..#
#.#..###(......... ###
#.#..####.........
#.#..##.#......... ##
#@##......##..##.# .##
...÷.ta.###.##...#..#...
..##################.##......#.).
#....#.......####...:#..###......
.....#........##.................
#........#.....#...#..####..<..#.
#......###..†......#...##......#.
#.............###................
#####.........####...........##..


You could see an entropy weaver and a fire crab.

Vanquished Creatures
  2 fire crabs (D:10)
  Pikel (D:5)
  An oklob plant (D:10)
  Prince Ribbit (D:6)
  A hippogriff (D:7)
  Sigmund (D:5)
  4 yaks (D:9)
  Eustachio (D:4)
  A wyvern (D:10)
  A black bear (D:9)
  3 orc warriors
  A hornet zombie (D:10)
  2 ice beasts
  4 sky beasts
  4 ogres
  A big kobold (D:8)
  4 bullfrogs
  A gnoll sergeant (D:9)
  2 scorpions
  5 killer bees (D:10)
  4 wights (D:10)
  A howler monkey (D:7)
  7 crimson imps
  2 bullfrog zombies
  5 hounds
  A centaur zombie (D:6)
  A gnoll shaman (D:5)
  A jelly (D:8)
  6 orc wizards
  5 orc priests
  3 bullfrog skeletons
  Natasha (twice) (D:2)
  4 iguanas
  5 worker ants
  Ijyb (D:3)
  A hound zombie (D:7)
  2 worker ant zombies (D:5)
  11 gnolls
  10 adders
  4 shadow imps
  3 oozes
  3 adder skeletons
  2 worms
  2 dart slugs (D:2)
  4 leopard geckos
  14 orcs
  A bat (D:3)
  6 giant cockroaches
  3 hobgoblins (D:2)
  13 jackals
  5 kobolds
  4 quokkas
  4 frilled lizards
  8 goblins
  A leopard gecko skeleton (D:4)
  2 quokka zombies
  5 rats
  2 plants (D:10)
199 creatures vanquished.

Vanquished Creatures (others)
  2 slaves (D:5)
  A worker ant (D:5)
3 creatures vanquished.

Grand Total: 202 creatures vanquished

Notes
Turn   | Place    | Note
-------+----------+-------------------------------------------
     0 | D:1      | Kikorro the Minotaur Berserker began the quest for the Orb.
     0 | D:1      | Reached XP level 1. HP: 19/19 MP: 0/0
   277 | D:1      | Reached XP level 2. HP: 27/27 MP: 1/1
   376 | D:1      | Reached skill level 4 in Maces & Flails
   757 | D:2      | Found a radiant altar of Vehumet.
   768 | D:2      | Reached XP level 3. HP: 27/33 MP: 2/2
   921 | D:2      | Noticed Natasha
   926 | D:2      | Killed Natasha
  1065 | D:2      | Noticed Natasha
  1078 | D:2      | Killed Natasha
  1078 | D:2      | Reached skill level 5 in Maces & Flails
  1078 | D:2      | Reached XP level 4. HP: 16/41 MP: 3/3
  1087 | D:2      | Reached ** piety under Trog
  1339 | D:2      | Found a white marble altar of Elyvilon.
  1510 | D:2      | Found a shattered altar of Ashenzari.
  1726 | D:3      | Found a deep blue altar of Sif Muna.
  1916 | D:3      | Reached XP level 5. HP: 46/47 MP: 4/4
  1932 | D:3      | Found a sacrificial altar of Ru.
  1934 | D:3      | Found a shimmering altar of Xom.
  1934 | D:3      | Found a sacrificial altar of Ru.
  1936 | D:3      | Found a sacrificial altar of Ru.
  1936 | D:3      | Found a bloodstained altar of Trog.
  1936 | D:3      | Found a shimmering altar of Xom.
  1973 | D:3      | Found a basalt altar of Yredelemnul.
  2014 | D:3      | Noticed Ijyb
  2016 | D:3      | Paralysed by Ijyb for 4 turns
  2032 | D:3      | Killed Ijyb
  2116 | D:3      | Found an opulent altar of Gozag.
  2117 | D:3      | Found Gozag's Platinum Reserve.
  2414 | D:3      | Reached skill level 6 in Maces & Flails
  2523 | D:4      | Got a transparent rapier
  2524 | D:4      | Identified the +7 rapier "Guefe" {freeze, Int+3} (You found
                  | it on level 4 of the Dungeon)
  2585 | D:4      | Reached skill level 5 in Fighting
  2595 | D:4      | Reached skill level 1 in Stealth
  2601 | D:4      | HP: 2/48 [orc wizard/magic dart (6)]
  2607 | D:4      | HP: 2/48 [orc wizard/+0 dagger (2)]
  2616 | D:4      | Reached XP level 6. HP: 12/56 MP: 0/5
  3112 | D:4      | Reached skill level 7 in Maces & Flails
  3334 | D:4      | Reached XP level 7. HP: 37/61 MP: 3/6
  3618 | D:4      | Noticed Eustachio
  3644 | D:4      | Killed Eustachio
  3644 | D:4      | Reached skill level 5 in Armour
  3892 | D:4      | Reached skill level 8 in Maces & Flails
  4145 | D:4      | Reached *** piety under Trog
  4397 | D:5      | Entered Level 5 of the Dungeon
  4597 | D:5      | Reached XP level 8. HP: 70/70 MP: 7/7
  4677 | D:5      | Noticed Pikel
  4693 | D:5      | Killed Pikel
  4693 | D:5      | Reached skill level 9 in Maces & Flails
  5249 | D:5      | Reached skill level 10 in Maces & Flails
  5253 | D:5      | Noticed Sigmund
  5282 | D:5      | Killed Sigmund
  5283 | D:5      | Reached XP level 9. HP: 61/78 MP: 6/8
  5640 | D:6      | Found an ancient bone altar of Kikubaaqudgha.
  5640 | D:6      | Found a glowing silver altar of Zin.
  5640 | D:6      | Found a sacrificial altar of Ru.
  5692 | D:6      | Reached **** piety under Trog
  5729 | D:6      | Reached skill level 11 in Maces & Flails
  5804 | D:6      | Noticed Prince Ribbit
  5825 | D:6      | Killed Prince Ribbit
  5944 | D:6      | Found a staircase to the Ecumenical Temple.
  6047 | D:6      | Found an iron altar of Okawaru.
  6051 | D:6      | Found a shadowy altar of Dithmenos.
  7712 | D:8      | Found a blossoming altar of Fedhas.
  7923 | D:9      | Found a bloodstained altar of Trog.
  8168 | D:9      | Reached skill level 12 in Maces & Flails
  8168 | D:9      | Reached XP level 10. HP: 81/88 MP: 9/9
  8210 | D:9      | Reached skill level 1 in Crossbows
  8210 | D:9      | Reached skill level 10 in Armour
  8567 | D:9      | Reached ***** piety under Trog
  8652 | D:9      | Found a sparkling altar of Nemelex Xobeh.
  8671 | D:10     | Entered Level 10 of the Dungeon
  8815 | D:10     | Noticed an oklob plant
  8921 | D:10     | Found a staircase to the Lair.
  8936 | D:10     | Killed an oklob plant
  9237 | D:10     | Found a runed translucent door.
  9242 | D:10     | Got an ancient war axe
  9251 | D:10     | Identified the +9 war axe of the Wary Queens {flame, +Inv
                  | rPois Dex-4 SInv} (You found it on level 10 of the Dungeon)
  9383 | D:10     | Reached skill level 1 in Axes
  9621 | D:10     | Noticed a fire crab
  9733 | D:10     | Killed a fire crab
  9788 | D:10     | Noticed an entropy weaver
  9788 | D:10     | Noticed a fire crab
  9792 | D:10     | Killed a fire crab
  9792 | D:10     | Received a gift from Trog
  9796 | D:10     | Noticed a fire crab
  9806 | D:10     | Slain by an entropy weaver

Skill      XL: |  1  2  3  4  5  6  7  8  9 10 |
---------------+-------------------------------+-----
Fighting       | 4 5 6 7 9 |  9.1
Maces & Flails | 4 5 6 7 8 10 12 | 12.0
Dodging        | 3 4 |  4.6
Stealth        | 1 |  1.6
Armour         | 3 4 5 7 9 10 | 10.9
Crossbows      | 4 |  4.2
Axes           | 4 |  4.9
Evocations     | |  0.1

Action                   |  1- 3 |  4- 6 |  7- 9 | 10-12 || total
-------------------------+-------+-------+-------+-------++-------
Melee: Mace              |    58 |   138 |   157 |       ||   353
       Headbutt          |     6 |    22 |    77 |    43 ||   148
       Whip              |       |       |   229 |   132 ||   361
       War axe           |       |       |       |    54 ||    54
Invok: Berserk           |       |       |     4 |     2 ||     6
Evoke: Wand              |       |       |       |     1 ||     1
  Use: Scroll            |     1 |     3 |    11 |     2 ||    17
       Potion            |       |     2 |       |       ||     2
 Stab: Sleeping          |       |     1 |       |       ||     1
  Eat: Chunk             |       |     7 |     6 |     5 ||    18
       Ration            |       |       |     4 |     1 ||     5
Armor: Animal skin       |    17 |     6 |       |       ||    23
       Chain mail        |       |     8 |    56 |    53 ||   117
       Plate armour      |       |    53 |   124 |       ||   177
Dodge: Dodged            |    36 |    45 |   125 |    44 ||   250
